 Dungeon Crawl Stone Soup version 0.22-a0-480-g991dd4b (webtiles) character file.

63 Yarrr the Poker (level 4, -7/33 HPs)
             Began as a Merfolk Skald on June 15, 2018.
             Shot with an arrow by a centaur (9 damage)
             ... on level 3 of the Dungeon.
             The game lasted 00:15:50 (2268 turns).

Yarrr the Poker (Merfolk Skald)                     Turns: 2268, Time: 00:15:51

Health: -7/33      AC:  4    Str: 12    XL:     4   Next: 9%
Magic:  3/7        EV: 12    Int: 12    God:
Gold:   108        SH:  2    Dex: 13    Spells: 2/7 levels left

rFire    . . .     SeeInvis .   a - +0 spear
rCold    . . .     Gourm    .   (no shield)
rNeg     + . .     Faith    .   b - +1 leather armour
rPois    .         Spirit   .   (no helmet)
rElec    .         Reflect  +   (no cloak)
rCorr    .         Harm     .   (no gloves)
MR       .....                  (no boots)
Stlth    +.........             p - +2 amulet of reflection
HPRegen  0.11/turn              (no ring)
MPRegen  0.10/turn              v - ring of positive energy

@: no status effects
A: change form in water, swift swim, stealthy swim
a: no special abilities


You were on level 3 of the Dungeon.
You were hungry.

You visited 1 branch of the dungeon, and saw 3 of its levels.

You collected 108 gold pieces.

Inventory:

Hand Weapons
 a - a +0 spear (weapon)
Missiles
 f - 49 stones (quivered)
Armour
 b - a +1 leather armour (worn)
Jewellery
 p - a +2 amulet of reflection (around neck)
 v - a ring of positive energy (right hand)
Wands
 o - a wand of digging (15)
Scrolls
 c - 2 scrolls of enchant armour
 i - 4 scrolls of identify
 s - 2 scrolls of remove curse
Potions
 e - a potion of brilliance {unknown}
 g - a potion of agility {unknown}
 j - a potion of resistance {unknown}
 l - a potion of curing {unknown}
 n - a potion of might {unknown}
 r - 2 potions of cancellation
 u - a potion of berserk rage {unknown}
Comestibles
 d - 5 rations


   Skills:
 - Level 2.1 Fighting
 * Level 6.2 Polearms
 - Level 0.6 Armour
 - Level 2.6 Dodging
 - Level 2.0 Spellcasting
 + Level 3.3 Charms


You had 2 spell levels left.
You knew the following spells:

 Your Spells              Type           Power        Failure   Level  Hunger
a - Infusion              Chrm           #...         9%          1    ##.....
b - Song of Slaying       Chrm           #.......     13%         2    ###....
c - Shroud of Golubria    Chrm/Tloc      #.........   26%         2    ###....

Your spell library contained the following spells:

 Spells                   Type           Power        Failure   Level  Hunger
 Regeneration             Chrm/Necr      #.........   45%         3    ####...
 Spectral Weapon          Hex/Chrm       #.......     45%         3    ####...


Dungeon Overview and Level Annotations

Branches:
Dungeon (3/15)

Altars:

Annotations:
D:3 2 transporters


Message History

Found a scroll labeled OSENOO LOQERARCH.
A centaur comes into view.
The centaur wields a shortbow.
The centaur shoots an arrow.
The arrow hits you.
You see here an arrow.
You hear the slow rusting of a distant drain.
The centaur shoots an arrow.
The arrow hits you!
The centaur shoots an arrow.
The arrow hits you.
You see here an arrow.
Casting: Infusion (safe; 9% risk of failure)
Confirm with . or Enter, or press ? or * to list all spells.
You begin infusing your attacks with magical energy.
The centaur shoots an arrow.
The arrow hits you!
* * * LOW HITPOINT WARNING * * *
The centaur shoots an arrow.
The arrow completely misses you.
It was a potion of cancellation.
Your magical effects are unravelling.
You feel magically purged.
You are no longer magically infusing your attacks.
The centaur shoots an arrow.
The arrow hits you!
You die...

#8≈#.5
#P.#≈≈≈≈≈≈≈#.P#.## .#
#$.#..≈≈≈..#..#..## .
#©?+..≈⌠≈..+/©#©..#.#
#$.#..≈≈≈..#..#...#.#
#P.#≈≈≈≈≈≈≈#.P#.#...#.#
#8≈#....o5o#P8#.#....
###############...#
...............(@#..#
..............(...c#
###))....#.....#####
#......#.....#
#......#.....#
#.<....#.....#
#......#.....#
#......####### ########


You could see a centaur, an orc priest and a shadow imp.

Vanquished Creatures
  2 oozes
  2 worms (D:2)
  A leopard gecko (D:2)
  2 giant cockroaches
  8 hobgoblins
  3 quokkas
  5 bats
  3 frilled lizards
  9 goblins
  5 kobolds
  2 rats
42 creatures vanquished.

Vanquished Creatures (others)
  A kobold (D:3)
  A quokka (D:3)
2 creatures vanquished.

Grand Total: 44 creatures vanquished

Notes
Turn   | Place    | Note
-------+----------+-------------------------------------------
     0 | D:1      | Yarrr the Merfolk Skald began the quest for the Orb.
     0 | D:1      | Reached XP level 1. HP: 16/16 MP: 3/3
   122 | D:1      | Reached skill level 4 in Polearms
   122 | D:1      | Reached XP level 2. HP: 18/22 MP: 3/5
   516 | D:1      | Reached skill level 5 in Polearms
   516 | D:1      | Reached XP level 3. HP: 26/27 MP: 6/6
  1678 | D:2      | Reached skill level 6 in Polearms
  1809 | D:2      | Reached XP level 4. HP: 33/33 MP: 2/7
  1940 | D:2      | Learned a level 2 spell: Song of Slaying
  1943 | D:2      | Learned a level 2 spell: Shroud of Golubria
  2210 | D:3      | Found a transporter.
  2257 | D:3      | Found a transporter.
  2263 | D:3      | Noticed a centaur
  2268 | D:3      | Shot with an arrow by a centaur

Vault maps used:
D:1:      lightli_arrival_farm
D:2:      first_ration, mrwooster_statue_mirror
D:3:      gammafunk_wand_slinger, gup_sewer_entry_bowl, elyvilon_altar_4

Skill      XL: |  1  2  3 |
---------------+----------+-----
Polearms       | 4 5 6 |  6.2
Fighting       | |  2.1
Armour         | |  0.6
Dodging        | |  2.6
Spellcasting   | |  2.0
Charms         | |  3.3

Action                   |  1- 3 |  4- 6 || total
-------------------------+-------+-------++-------
Melee: Spear             |   117 |    22 ||   139
 Cast: Infusion          |    11 |     2 ||    13
  Use: Scroll            |       |     6 ||     6
       Potion            |       |     1 ||     1
 Stab: Sleeping          |     1 |       ||     1
  Eat: Chunk             |     3 |     1 ||     4
Armor: Leather armour    |    15 |     2 ||    17
Dodge: Dodged            |    33 |    11 ||    44

Table legend:
 A = Spawn XP
 B = Non-spawn XP
 C = Spawn XP percentage of total XP
 D = Spawn monster count
 E = Non-spawn monster count
 F = Spawn count percentage of total count
 G = Total turns spent on level
                    A         B        C        D         E        F      G
               +---------+---------+-------+---------+---------+-------+---------
         Total |       0 |      90 |   0.0 |       0 |      42 |   0.0 |  2268
               +---------+---------+-------+---------+---------+-------+---------
           D:1 |       0 |      44 |   0.0 |       0 |      22 |   0.0 |  1008
           D:2 |       0 |      40 |   0.0 |       0 |      16 |   0.0 |  1202
           D:3 |       0 |       6 |   0.0 |       0 |       4 |   0.0 |    58
               +---------+---------+-------+---------+---------+-------+---------
